 Dungeon Crawl Stone Soup version 0.30-a0-777-ga9a30cbeda (webtiles) character file.

Game seed: 12049884974476369377

133 Esekla the Sneak (level 5, -1/42 HPs)
             Began as a Barachi Delver on Feb 14, 2023.
             Was an Initiate of Ashenzari.
             Killed by nerve-wracking pain
             ... invoked by a shadow imp
              (5 damage)
             ... in a sewer.
             The game lasted 00:10:42 (1644 turns).

Esekla the Sneak (Barachi Delver)                   Turns: 1644, Time: 00:10:42

Health: -1/42      AC:  4    Str: 13      XL:     5   Next: 16%
Magic:  6/6        EV: 11    Int: 12      God:    Ashenzari [......]
Gold:   60         SH:  0    Dex:  7 (14) Spells: 6/6 levels left

rFire   . . .      SeeInvis .    a - +0 long sword
rCold   . . .      Faith    .    (no shield)
rNeg    . . .      Spirit   .    b - +0 leather armour
rPois   .          Reflect  .    k - +0 helmet
rElec   .          Harm     .    (no cloak)
rCorr   .          Rampage  .    (no gloves)
Will    .....                    (no boots)
Stlth   ++                       (no amulet)
HPRegen 0.27/turn                (no ring)
MPRegen 0.10/turn                (no ring)

@: lethally poisoned (-1 -> -3), slowed, very slow
A: amphibious, slowness 1, strong legs 1, +LOS
a: Hop, Renounce Religion


You were in a sewer.
You worshipped Ashenzari.
Ashenzari was noncommittal.
You visited 2 branches of the dungeon, and saw 3 of its levels.
You also visited: Sewer.

You collected 60 gold pieces.

Inventory:

Hand Weapons
 a - a +0 long sword (weapon)
 m - a +0 dagger
Missiles
 l - a throwing net
 n - 7 poisoned darts
Armour
 b - a +0 leather armour (worn)
 k - a +0 helmet (worn)
Wands
 g - a wand of digging (3)
 h - a wand of paralysis (14)
 i - a wand of flame (23)
Scrolls
 c - a scroll of fog
 d - a scroll of enchant weapon {unknown}
 f - a scroll of summoning {unknown}
 j - 3 scrolls of identify {unknown}
Potions
 e - 2 potions of magic


   Skills:
 * Level 4.2 Fighting
 * Level 3.8 Long Blades
 * Level 1.8 Armour
 * Level 3.2 Dodging
 + Level 4.8 Stealth
 * Level 1.2 Spellcasting


You had 6 spell levels left.
You didn't know any spells.
Your spell library was empty.

Dungeon Overview and Level Annotations

Branches:
Dungeon (5/15)             Temple (1/1) D:5           Sewer (1/1)

Altars:
Ashenzari
Cheibriados
Elyvilon
Fedhas
Gozag
Hepliaklqana
Kikubaaqudgha
Makhleb
Nemelex Xobeh
Okawaru
Qazlal
Ru
Sif Muna
Trog
Uskayaw
Vehumet
Wu Jian
Xom
Yredelemnul
Zin
The Shining One

Annotations:
Sewer Grinder


Innate Abilities, Weirdness & Mutations

You are amphibious.
You cover ground slowly.
You can hop short distances.
You have an extended range of vision and can be seen from far away.


Message History

The shadow imp hits you but does no damage.
You hit the shadow imp.
You kill the shadow imp!
Press: ? - help, v - describe, . - travel
Here: a kobold, wielding a +0 dagger and quivering stones Some shallow water.
The kobold throws a stone.
The stone barely misses you.
You barely miss the kobold. The kobold barely misses you.
You hit the kobold.
You kill the kobold!
You enter the shallow water.
You start resting.
HP restored.
There is an open door here.
Items here: (( ))) ††.
n - 7 poisoned darts You enter the shallow water.
Grinder comes into view.
Grinder shouts!
You hear a shout!
The shadow imp gestures at you. Pain shoots through your body!
You enter the shallow water.
Grinder gestures at you. You resist with significant effort.
The kobold brigand throws a curare-tipped dart.
The curare-tipped dart hits you.
You are poisoned.
You have difficulty breathing.
You feel yourself slow down.
It was a potion of magic.
Magic courses through your body.
You feel very sick.
You feel very sick.
You feel very sick.
Grinder says, "FISH!"
The shadow imp hits you.
* * * LOW HITPOINT WARNING * * *
You feel sick.
Grinder blinks!
The shadow imp closely misses you.
You feel sick. The shadow imp gestures at you. Pain shoots through your body!
You die...

.'...≈≈≈≈.............
#...#≈≈.............#
##.####.###)##≈##≈###
#~..#...~≈≈≈)≈≈≈≈≈~≈≈
#≈~K#..~≈)≈≈≈≈≈≈≈≈≈≈≈
#≈≈.#.~~≈≈≈≈≈≈≈≈≈≈≈≈≈
#≈~.#.~≈≈≈≈≈≈≈≈≈≈≈≈≈≈
#≈.5#.~≈≈≈≈≈≈≈≈≈≈≈≈≈≈
#~~.@.~≈≈≈≈≈≈≈≈≈≈≈≈≈≈
#####################


You could see a kobold brigand and a shadow imp.

Vanquished Creatures
  2 quasits (Sewer)
  3 shadow imps (Sewer)
  3 ufetubi (Sewer)
  A worm (D:4)
  A dart slug (D:4)
  3 bats (Sewer)
  An endoplasm (D:4)
  A giant cockroach (Sewer)
  12 kobolds (Sewer)
  5 ball pythons
  A kobold zombie (Sewer)
33 creatures vanquished.

Vanquished Creatures (others)
  2 endoplasms (Sewer)
2 creatures vanquished.

Grand Total: 35 creatures vanquished

Notes
Turn   | Place    | Note
-------+----------+-------------------------------------------
     0 | D:5      | Esekla the Barachi Delver began the quest for the Orb.
     0 | D:5      | Reached XP level 1. HP: 18/18 MP: 1/1
    19 | D:5      | Noticed an ogre
    34 | D:5      | Noticed a necrophage
    46 | D:5      | Noticed an iguana
    76 | D:5      | Found a staircase to the Ecumenical Temple.
    82 | Temple   | Entered the Ecumenical Temple
   182 | Temple   | Became a worshipper of Ashenzari the Shackled
   434 | D:4      | Noticed an iguana
   475 | D:4      | Found a radiant altar of Vehumet.
   477 | D:4      | Found a burning altar of Makhleb.
   477 | D:4      | Found a shimmering blue altar of Sif Muna.
   482 | D:4      | Found an iron altar of Okawaru.
   519 | D:4      | Found a glowing drain.
   537 | D:4      | Reached XP level 2. HP: 25/25 MP: 2/2
   551 | Sewer    | Entered a sewer
   634 | Sewer    | Reached XP level 3. HP: 10/30 MP: 3/3
   959 | Sewer    | Reached skill level 1 in Armour
  1086 | Sewer    | Reached skill level 1 in Spellcasting
  1086 | Sewer    | Reached XP level 4. HP: 30/37 MP: 5/5
  1094 | Sewer    | Noticed a kobold brigand
  1392 | Sewer    | Reached XP level 5. HP: 27/42 MP: 6/6
  1637 | Sewer    | Noticed Grinder
  1644 | Sewer    | Killed from afar by a shadow imp

Illustrated notes

Levels and vault maps discovered:
D:4:      cheibrodos_quashed, layout_loops_cross, grunt_temple_overflow_open,
          cheibrodos_sewer_entry_bend
D:5:      layout_rooms, minmay_temple_entry_hall, minmay_misc_feat_rugged,
          nicolae_kite_square_tiling_tiny
Temple:   minmay_temple_bridge_d
Sewer:    kennysheep_sewer_church

Skill      XL: |  1  2  3 |
---------------+----------+-----
Long Blades    | 3 |  3.8
Armour         | 1 |  1.8
Fighting       | 4 |  4.2
Dodging        | 3 |  3.2
Spellcasting   | 1 |  1.2
Stealth        | |  4.8

Action                     |  1- 3 |  4- 6 || total
---------------------------+-------+-------++-------
  Melee: Long sword        |    87 |    69 ||   156
         Dagger            |     2 |       ||     2
Ability: Hop               |     1 |       ||     1
    Use: Scroll            |     1 |     1 ||     2
         Potion            |       |     2 ||     2
   Stab: Sleeping          |     3 |       ||     3
         Distracted        |     1 |       ||     1
 Armour: Leather armour    |    60 |    48 ||   108
  Dodge: Dodged            |   124 |    94 ||   218

Table legend: (Time is in decaauts)
 A = Elapsed time spent in this place.
 B = Non-inter-level travel time spent in this place.
 C = Inter-level travel time spent in this place.
 D = Time resting spent in this place.
 E = Time spent auto-exploring this place.
 F = Levels seen in this place.
 G = Mean time per level.
                   A        B        C        D        E       F      G
               +--------+--------+--------+--------+--------+-----+--------+
         Total |   1820 |   1734 |     86 |    497 |     70 |   4 |  455.0 |
       Dungeon |    449 |    448 |      1 |      0 |      0 |   2 |  224.5 |
        Temple |    205 |    120 |     85 |      0 |     70 |   1 |  205.0 |
         Sewer |   1165 |   1165 |      0 |    497 |      0 |   1 | 1165.0 |
               +--------+--------+--------+--------+--------+-----+--------+

Top non-repeatable levels by time:
   Sewer: 1165 daAuts
     D:4: 320 daAuts
  Temple: 205 daAuts
     D:5: 129 daAuts
